Map: Dusk Towers

Players

Grumm

  • Race: Protoss Protoss
  • League: Gold

ProxlKing - Winner!

  • Race: Terran Terran
  • League: Gold

VOD

Have the link to the VOD?

Description

Time

  • Played on: Jan. 23, 2016, 2:52 p.m.
  • Length: 21:53
Show
View Real Time Build Order
Export as new Build Order

Grumm Protoss 

Build Orders: 1 Gate Expand 

Get SALT Encoding   

  12  0:01  Probe (Chrono Boost)  
  13  0:11  Probe (Chrono Boost)  
  14  0:22  Probe (Chrono Boost)  
  14  0:23  Pylon  
  15  0:41  Probe (Chrono Boost)  
  15  0:42  Gateway  
  16  0:51  Probe (Chrono Boost)  
  17  0:59  Assimilator  
  17  1:02  Probe (Chrono Boost)  
  18  1:20  Nexus  
  18  1:37  Probe (Chrono Boost)  
  19  1:42  Cybernetics Core  
  19  1:45  Forge  
  19  1:49  Pylon  
  19  1:52  Probe (Chrono Boost)  
  20  2:00  Assimilator  
  20  2:12  Probe (Chrono Boost)  
  21  2:26  Probe (Chrono Boost)  
  22  2:34  Probe (Chrono Boost)  
  23  2:37  Gateway  
  23  2:41  Pylon, Probe (Chrono Boost)  
  23  2:43  Assimilator  
  24  2:59  Nexus  
  24  3:04  Probe (Chrono Boost)  
  25  3:10  Mothership Core (Chrono Boost)  
  25  3:12  Sentry  
  29  3:14  Warp Gate (Chrono Boost)  
  29  3:15  Probe  
  30  3:29  Pylon  
  30  3:40  Photon Cannon  
  30  3:42  Probe  
  31  3:48  Probe  
  31  3:51  Pylon  
  31  3:55  Probe  
  33  4:03  Probe  
  33  4:06  Stalker, Probe  
  37  4:14  Photon Cannon  
  37  4:21  Pylon  
  37  4:22  Probe  
  37  4:24  Probe  
  39  4:33  Pylon  
  39  4:34  Probe  
  39  4:36  Probe  
  41  4:39  Probe  
  41  4:45  Probe  
  42  4:48  Probe  
  44  4:54  Gateway  
  44  4:55  Gateway  
  44  5:00  Probe  
  44  5:01  Assimilator, Probe  
  44  5:05  Pylon  
  44  5:06  Probe  
  46  5:10  Probe  
  46  5:13  Stalker  
  50  5:15  Sentry  
  52  5:25  Probe  
  52  5:26  Probe x2  
  55  5:37  Probe  
  55  5:39  Probe  
  55  5:42  Stalker x2  
  59  5:46  Robotics Facility  
  59  5:47  Pylon  
  59  5:49  Photon Cannon  
  61  5:50  Probe x2  
  61  5:51  Probe  
  61  5:54  Photon Cannon  
  64  6:00  Probe  
  64  6:01  Probe  
  64  6:04  Probe  
  67  6:06  Stalker x2  
  67  6:09  Zealot  
  67  6:10  Zealot  
  75  6:22  Pylon  
  75  6:23  Probe x2  
  75  6:24  Probe  
  78  6:29  Stargate, Pylon  
  78  6:33  Probe  
  78  6:34  Stargate  
  78  6:36  Pylon  
  78  6:37  Stalker  
  81  6:40  Immortal (Chrono Boost)  
  81  6:46  Probe  
  85  6:48  Probe  
  85  6:50  Assimilator  
  85  6:51  Probe  
  85  6:52  Assimilator  
  85  6:54  Protoss Ground Weapons Level 1  
  88  6:56  Probe  
  88  7:00  Probe, Stalker x2  
  94  7:02  Probe, Zealot  
  94  7:03  Sentry  
  99  7:12  Forge  
  99  7:14  Photon Cannon  
  99  7:17  Photon Cannon  
  99  7:20  Photon Cannon  
  99  7:29  Pylon  
  95  7:48  Stalker x4  
  95  7:53  Probe  
  95  7:54  Mothership Core  
  98  8:06  Void Ray x2  
  106  8:15  Protoss Ground Armor Level 1, Immortal (Chrono Boost)  
  106  8:18  Stalker  
  106  8:19  Stalker  
  114  8:20  Stalker x2  
  92  8:42  Stalker  
  94  8:48  Stalker x2  
  94  8:49  Stalker, Immortal (Chrono Boost)  
  104  8:55  Photon Cannon  
  104  8:58  Gateway  
  104  9:00  Gateway  
  104  9:11  Stalker  
  104  9:14  Void Ray x2  
  114  9:18  Fleet Beacon  
  114  9:22  Pylon  
  114  9:25  Photon Cannon  
  114  9:28  Photon Cannon  
  114  9:29  Photon Cannon  
  114  9:33  Zealot x3  
  114  9:36  Sentry  
  122  9:42  Immortal (Chrono Boost)  
  126  9:57  Void Ray x2  
  134  10:10  Nexus  
  134  10:12  Pylon  
  132  10:38  Pylon  
  132  10:41  Robotics Bay  
  132  10:42  Tempest x2 (Chrono Boost)  
  140  11:00  Stalker  
  140  11:01  Stalker x3  
  125  11:22  Tempest (Chrono Boost)  
  132  11:27  Tempest (Chrono Boost)  
  132  11:31  Stalker x4  
  140  11:33  Photon Cannon  
  140  11:36  Photon Cannon  
  140  11:38  Pylon  
  140  11:41  Colossus  
  140  11:42  Photon Cannon  
  140  11:43  Photon Cannon  
  140  11:45  Pylon  
  146  11:55  Robotics Facility, Protoss Shields Level 1  
  146  11:57  Pylon, Extended Thermal Lance  
  146  12:07  Twilight Council, Stalker x3  
  146  12:08  Stalker  
  154  12:12  Probe  
  154  12:14  Probe x2  
  157  12:26  Probe x2  
  89  13:09  Warp Prism  
  89  13:11  Stalker x5  
  89  13:12  Stalker  
  95  13:22  Void Ray (Chrono Boost)  
  95  13:40  Zealot x4, Immortal  
  95  13:41  Zealot x2  
  107  13:44  Colossus  
  117  13:57  Probe  
  117  13:59  Probe x2  
  120  14:06  Assimilator  
  120  14:08  Probe  
  121  14:11  Assimilator, Probe x2  
  121  14:14  Immortal  
  123  14:18  Probe  
  128  14:25  Pylon  
  128  14:33  Stalker  
  128  14:34  Stalker x4  
  138  15:07  Zealot x2  
  138  15:08  Zealot x4  
  150  15:28  Stalker x3  
  150  15:29  Stalker x3  
  154  15:58  Stalker x3  
  154  15:59  Stalker x2  
  152  16:09  Colossus  
  142  16:15  Colossus  
  142  16:17  Stalker  
  138  16:31  Probe  
  139  16:33  Photon Cannon  
  139  16:34  Photon Cannon  
  139  16:44  Pylon  
  139  16:46  Pylon  
  139  16:48  Pylon, Zealot x6  
  139  16:52  Photon Cannon  
  151  16:56  Nexus  
  151  17:20  Photon Cannon  
  151  17:26  Assimilator  
  148  17:32  Assimilator  
  146  18:02  Stalker x2  
  146  18:03  Stalker x4  
  142  18:33  Stalker x3  
  142  18:34  Stalker x3  
  147  18:37  Stalker x2  
  147  18:38  Stalker  
  127  19:22  Zealot x4  
  127  19:23  Pylon, Zealot x2  
  139  19:26  Pylon  
  139  19:32  Nexus  
  139  19:47  Stalker x5  
  139  19:48  Stalker  
  151  20:19  Stalker  
  151  20:20  Zealot x2  
  156  20:21  Adept x2  
  82  21:36  Stalker x3  
  82  21:37  Stalker x2  
Show
View Real Time Build Order
Export as new Build Order

ProxlKing Terran - Winner!

Build Orders: Command Center First (CC) 

Get SALT Encoding   

  12  0:01  SCV  
  13  0:13  SCV  
  14  0:21  Supply Depot  
  14  0:25  SCV  
  15  0:43  SCV  
  16  1:00  Command Center  
  16  1:01  SCV  
  17  1:12  Refinery  
  17  1:13  SCV  
  19  1:25  SCV  
  19  1:30  Barracks  
  19  1:37  SCV  
  20  1:53  SCV  
  21  2:05  SCV  
  22  2:18  Supply Depot  
  22  2:23  Marine  
  23  2:33  Orbital Command x2  
  23  2:48  Factory  
  23  2:54  Barracks  
  23  2:55  Barracks  
  23  3:12  SCV  
  24  3:13  SCV  
  25  3:24  SCV  
  25  3:25  SCV  
  27  3:28  Barracks Tech Lab  
  27  3:30  Refinery  
  27  3:33  Starport  
  27  3:35  Factory Tech Lab  
  27  3:42  SCV x2  
  27  3:47  Barracks Reactor  
  29  3:54  SCV x2  
  29  3:55  Barracks Reactor  
  31  4:00  Supply Depot  
  31  4:04  Supply Depot  
  31  4:06  SCV x2  
  33  4:12  Starport Reactor  
  33  4:18  SCV x2  
  33  4:19  Marauder  
  33  4:21  Refinery  
  37  4:31  SCV x2  
  39  4:34  Marine x4  
  39  4:38  Combat Shields  
  43  4:41  Marauder  
  43  4:43  SCV x2  
  47  4:46  Refinery  
  47  4:52  Marine x3  
  50  4:55  Medivac, SCV x2  
  50  4:59  Marine  
  54  5:02  Marauder  
  57  5:21  Siege Tank  
  60  5:35  Medivac  
  62  5:46  Supply Depot  
  62  5:47  Supply Depot  
  62  5:48  Supply Depot  
  62  5:50  Supply Depot  
  62  5:54  Engineering Bay  
  62  6:08  Medivac, Marauder, Marine x4, Siege Tank  
  73  6:14  Medivac  
  75  6:19  Concussive Shells  
  75  6:25  Marine x4  
  75  6:29  Marauder  
  81  6:38  Medivac  
  83  6:40  Siege Tank  
  83  6:45  Command Center  
  86  6:51  Marauder  
  88  7:08  SCV x2  
  90  7:10  Marine x2  
  90  7:11  Marine x2  
  94  7:24  Supply Depot x2  
  94  7:31  Terran Infantry Weapons Level 1  
  94  7:38  SCV  
  94  7:39  Marine  
  94  7:40  Marine, SCV  
  94  7:41  Marine x2  
  94  7:43  Medivac  
  94  7:44  Siege Tank  
  94  7:45  Medivac  
  94  7:46  Marauder  
  94  7:50  SCV  
  88  7:52  SCV  
  88  7:57  Marine  
  90  7:59  Marine  
  90  8:01  Engineering Bay  
  90  8:04  Orbital Command, Armory  
  91  8:07  Marauder, SCV x2  
  95  8:13  Medivac  
  95  8:17  Stimpack  
  95  8:19  SCV x2  
  98  8:29  Marauder, Marine x2  
  98  8:30  Marine x2  
  98  8:31  SCV x2  
  102  8:40  Refinery  
  102  8:41  Siege Tank  
  102  8:43  SCV  
  102  8:44  Refinery, SCV  
  102  8:47  Marine x3  
  110  8:50  Marauder  
  110  8:53  Medivac, Barracks x2  
  114  8:56  Barracks  
  114  9:14  Siege Tank  
  114  9:15  Marine  
  114  9:16  Marine x2  
  114  9:17  Marauder, Marine  
  123  9:33  Marine x2  
  123  9:35  Command Center  
  123  9:36  Supply Depot  
  123  9:37  Supply Depot  
  125  9:40  Terran Infantry Armor Level 1, Terran Infantry Weapons Level 2  
  125  9:41  Liberator x2, Supply Depot  
  125  9:42  Terran Vehicle And Ship Armor Level 1  
  125  9:43  Supply Depot  
  125  9:58  Marauder  
  125  9:59  Command Center  
  133  10:00  Marine x3  
  133  10:04  Barracks Tech Lab x2  
  136  10:12  Barracks Tech Lab  
  136  10:15  Siege Tank  
  136  10:20  Marauder  
  140  10:41  Marauder  
  142  10:47  Refinery, Siege Tank  
  142  10:48  Supply Depot  
  142  10:49  Supply Depot  
  145  10:50  Supply Depot, Refinery  
  145  10:52  Supply Depot  
  145  10:53  Supply Depot  
  145  10:54  SCV  
  146  11:02  Marauder  
  144  11:11  Supply Depot  
  144  11:13  Supply Depot  
  144  11:15  Supply Depot  
  136  11:24  Liberator, Marauder  
  136  11:25  Liberator  
  106  11:33  Marauder x3  
  106  11:34  Marine x3  
  106  11:35  Marine  
  116  11:44  Thor  
  116  11:45  Marauder  
  130  11:49  Planetary Fortress  
  130  11:52  Missile Turret, Marine x4  
  130  11:53  Missile Turret  
  134  11:54  Marauder x2  
  134  11:55  Marauder  
  134  11:56  Missile Turret  
  140  12:07  Orbital Command, Marauder  
  142  12:10  Marine x4  
  142  12:15  Missile Turret, Marine x2  
  146  12:16  Marauder  
  146  12:18  Hi-Sec Auto Tracking, Missile Turret  
  146  12:19  Terran Infantry Weapons Level 3  
  147  12:27  Cyclone, Marine  
  147  12:28  Marine x4  
  147  12:33  Marine  
  120  12:39  Marine x2  
  99  12:45  Marine x2  
  99  12:46  Marine x3  
  99  12:51  Marine  
  79  12:55  Missile Turret  
  79  12:56  Missile Turret x2  
  79  12:57  Marine x2  
  79  12:58  Refinery  
  71  12:59  Cyclone  
  71  13:03  Marine x3  
  71  13:04  Marine x2  
  71  13:05  Missile Turret  
  73  13:07  Missile Turret  
  73  13:09  Marine  
  73  13:10  Missile Turret  
  68  13:14  Terran Infantry Armor Level 2  
  68  13:15  Marauder, Marine  
  68  13:16  Medivac  
  67  13:21  Marine x4  
  67  13:22  Marine  
  67  13:27  Marine  
  69  13:32  SCV  
  69  13:33  Marine  
  69  13:36  Marine  
  69  13:39  Marine x5  
  75  13:44  Marine, SCV  
  77  13:50  Marine  
  77  13:54  Marine, SCV  
  77  13:55  SCV x2  
  83  13:56  SCV  
  83  13:57  Marine  
  83  14:02  Orbital Command  
  84  14:06  SCV  
  84  14:07  SCV x2, Thor  
  84  14:08  SCV  
  94  14:10  Medivac x2  
  98  14:18  SCV  
  98  14:19  Terran Vehicle And Ship Armor Level 2, SCV x2  
  98  14:20  SCV  
  102  14:26  Refinery  
  102  14:31  SCV  
  103  14:37  Marine x3  
  103  14:38  Marauder x2, Marine x3  
  112  14:40  Medivac x2  
  112  14:43  SCV  
  117  14:50  Thor  
  118  14:55  Marine x2, SCV  
  118  14:56  Marauder x2  
  118  14:59  Marauder  
  122  15:07  SCV  
  122  15:10  Medivac  
  120  15:19  SCV  
  113  15:22  Marine x2  
  113  15:23  Marine x6  
  118  15:28  Medivac  
  118  15:32  Command Center  
  120  15:40  Marine  
  120  15:41  Marine x6  
  124  15:58  Marine x2  
  124  15:59  Marine x5  
  124  16:16  Marine x3  
  124  16:17  Marine x4  
  115  16:32  SCV  
  114  16:33  SCV x3  
  114  16:34  Marine x6  
  114  16:35  Marine  
  124  16:41  Medivac x2  
  124  16:44  SCV  
  124  16:45  SCV x3  
  124  16:46  Terran Infantry Armor Level 3  
  132  16:52  Marine x6  
  138  16:57  SCV x4  
  142  17:04  Armory  
  142  17:09  SCV x4  
  142  17:11  Medivac x2  
  150  17:26  Marine x4  
  150  17:27  Marine x3  
  149  17:41  Medivac  
  149  17:44  Marine x5  
  149  17:45  Marine x2  
  142  18:02  Marine x2  
  139  18:15  Marine x5  
  139  18:19  Marine  
  144  18:20  Marine  
  146  18:32  Marine  
  146  18:33  Marine x3  
  146  18:34  Marauder  
  152  18:37  Marine x2  
  152  18:40  Widow Mine  
  149  18:50  Marine  
  149  18:51  Marauder x3  
  149  18:53  Medivac x2  
  149  18:55  Marauder, Marine x2  
  158  19:08  Widow Mine, Marine  
  155  19:12  Marauder  
  155  19:13  Marauder x2, Marine x2  
  155  19:16  Marauder  
  145  19:23  Medivac x2, Missile Turret, Orbital Command  
  147  19:26  Marine  
  147  19:31  Marine x2  
  143  19:34  Marauder x3  
  143  19:37  Widow Mine, Marine  
  151  19:44  Marine  
  151  19:45  Missile Turret  
  152  19:48  Marine  
  152  19:49  Marine  
  154  19:53  Medivac x2  
  154  19:55  Marauder, Marine  
  154  19:56  Marauder x2  
  165  20:02  Marine  
  165  20:05  Widow Mine  
  165  20:06  Marine x2  
  169  20:13  Marauder  
  172  20:16  Marine x3  
  172  20:19  Command Center, Marine  
  176  20:23  Medivac  
  176  20:24  Marine x2  
  179  20:34  Widow Mine, Marine x4  
  181  20:37  Marine  
  181  20:42  Marine x2  
  177  20:49  Orbital Command  
  175  20:52  Marine x4  
  175  20:55  Marine  
  178  21:00  Marine x2  
  175  21:09  Marine  
  175  21:10  Marine x3  
  167  21:13  Marine  
  167  21:18  Marine x2  
  145  21:27  Marine x2  
  145  21:28  Marine x2  
  145  21:31  Marine  
  144  21:36  SCV  
Tags
 
Add a new tag
Caveats
  • Supply blocks, unpowered buildings, or Contaminate may cause inaccurate times.
  • Supply counts are checked every 10 seconds.